 Dungeon Crawl Stone Soup version 0.20.1-1-g8b1a95d (webtiles) character file.

67 tidbits the Skirmisher (level 3, -2/31 HPs)
             Began as a Demigod Wanderer on Aug 19, 2017.
             Slain by a gnoll
             ... wielding a +0 club
              (5 damage)
             ... on level 2 of the Dungeon.
             The game lasted 00:06:22 (976 turns).

tidbits the Skirmisher (Demigod Wanderer)            Turns: 976, Time: 00:06:23

Health: -2/31      AC:  5    Str: 14    XL:     3   Next: 70%
Magic:  6/6        EV:  9    Int: 17    God:
Gold:   113        SH:  8    Dex: 17    Spells: 4/4 levels left

rFire    . . .     SeeInvis .   e - +0 dagger
rCold    . . .     Gourm    .   a - +0 shield
rNeg     . . .     Faith    .   d - +0 ring mail
rPois    .         Spirit   .   (no helmet)
rElec    .         Reflect  .   (no cloak)
rCorr    .         Harm     .   (no gloves)
MR       .....                  (no boots)
Stlth    +.........             m - amulet of magic regeneration
Regen    0.1/turn               (no ring)
MPRegen  0.2/turn               (no ring)

@: no status effects
A: high mp 1
a: no special abilities


You were on level 2 of the Dungeon.
You were not hungry.

You visited 1 branch of the dungeon, and saw 3 of its levels.

You collected 113 gold pieces.

Inventory:

Hand Weapons
 b - a +0 shortbow
 e - a +0 dagger (weapon)
Missiles
 c - 39 arrows
 k - 5 tomahawks of dispersal (quivered) {!f}
 l - a throwing net {!f}
Armour
 a - a +0 shield (worn)
 d - a +0 ring mail (worn)
Jewellery
 m - an amulet of magic regeneration (around neck)
   (You found it on level 2 of the Dungeon)
Scrolls
 g - a scroll of random uselessness {unknown}
 h - a scroll of teleportation
Potions
 n - a potion of lignification {unknown}
Comestibles
 f - a bread ration
 i - 3 royal jellies


   Skills:
 - Level 3.0 Fighting
 - Level 2.6 Armour
 + Level 2.2 Dodging
 - Level 1.0 Stealth
 - Level 1.0 Shields
 - Level 1.0 Spellcasting
   Level 1.7 Poison Magic


You had 4 spell levels left.
You didn't know any spells.

Dungeon Overview and Level Annotations

Branches:
Dungeon (3/15)


Innate Abilities, Weirdness & Mutations

You have an increased reservoir of magic. (+10% MP)


Message History

You block the gnoll's attack.
You hit the gnoll.
The gnoll is heavily wounded.
You block the gnoll's attack.
You hit the gnoll but do no damage.
The gnoll is heavily wounded.
The gnoll hits you but does no damage.
The gnoll shouts!
You hit the gnoll.
The gnoll is heavily wounded.
The gnoll hits you but does no damage.
You hit the gnoll.
The gnoll is almost dead.
The gnoll hits you but does no damage.
You hit the gnoll.
The gnoll is moderately wounded.
You closely miss the gnoll.
The gnoll is moderately wounded.
You block the gnoll's attack.
You hit the gnoll.
The gnoll is moderately wounded.
You block the gnoll's attack.
You barely miss the gnoll.
The gnoll is moderately wounded.
The gnoll barely misses you. The gnoll hits you.
You hit the gnoll.
The gnoll is heavily wounded.
The gnoll hits you.
Your ring mail prevents you from hitting the gnoll.
The gnoll is heavily wounded.
You block the gnoll's attack.
You hit the gnoll.
The gnoll is severely wounded.
You block the gnoll's attack.
You hit the gnoll.
The gnoll is almost dead.
The gnoll misses you.
You hit the gnoll.
You kill the gnoll!
The goblin shoots a stone.
You block the stone.
You barely miss the gnoll.
The gnoll is almost dead.
You block the gnoll's attack.
You hit the gnoll.
The gnoll is almost dead.
The gnoll barely misses you.
You hit the gnoll but do no damage.
The gnoll is almost dead.
The gnoll closely misses you.
You hit the gnoll.
You kill the gnoll!
Your Dodging skill increases to level 2!
The gnoll throws a throwing net.
You block the throwing net.
You hit the goblin.
The goblin is heavily wounded.
The goblin unwields an uncursed hunting sling.
The goblin wields an uncursed club.
You block the goblin's attack.
You hit the goblin.
The goblin is severely wounded.
The goblin hits you with an uncursed club.
You completely miss the goblin.
The goblin is severely wounded.
The goblin hits you but does no damage.
You hit the goblin.
You kill the goblin!
You hit the gnoll.
The gnoll is lightly wounded.
The gnoll hits you but does no damage.
You closely miss the gnoll.
The gnoll is lightly wounded.
The gnoll hits you with a club.
* * * LOW HITPOINT WARNING * * *
You closely miss the gnoll.
The gnoll is lightly wounded.
You block the gnoll's attack.
You hit the gnoll.
The gnoll is moderately wounded.
The gnoll hits you with a club.
* * * LOW HITPOINT WARNING * * *
You closely miss the gnoll.
The gnoll is moderately wounded.
The gnoll hits you with a club.
* * * LOW HITPOINT WARNING * * *
You barely miss the gnoll.
The gnoll is moderately wounded.
You block the gnoll's attack.
You barely miss the gnoll.
The gnoll is moderately wounded.
The gnoll hits you but does no damage.
You hit the gnoll.
The gnoll is heavily wounded.
The gnoll hits you with a club.
* * * LOW HITPOINT WARNING * * *
You closely miss the gnoll.
The gnoll is heavily wounded.
The gnoll hits you but does no damage.
You hit the gnoll.
The gnoll is severely wounded.
The gnoll hits you with a club.
You die...

###...######..........
#.........########....
#.........# #.....
#.........#######.####
#..............##..
#..##.######....#.#
##.†##.# #.......
#####...##.# #.....##
#.....#@##.. $ #....##
#....##g##..... #....#
#.....((##..... ######
# #....##(.....g. ...
#....##.##..... ###
#....##.. .... ..
########.# .## .(. ..
# ##. #.#


You could see a gnoll.

Vanquished Creatures
  2 gnolls (D:2)
  3 dart slugs (D:1)
  2 leopard geckos
  A giant cockroach (D:2)
  4 goblins
  6 hobgoblins
  3 jackals
  5 kobolds
  A quokka (D:2)
  A ball python (D:1)
  4 bats
  A frilled lizard (D:1)
  5 rats
38 creatures vanquished.

Notes
Turn   | Place    | Note
-------+----------+-------------------------------------------
     0 | D:1      | tidbits the Demigod Wanderer began the quest for the Orb.
     0 | D:1      | tidbits set off with: a +0 shield, a +0 shortbow, 25 arrows, a +0 ring mail, a +0 dagger, a bread ration
     0 | D:1      | Reached XP level 1. HP: 17/17 MP: 4/4
    40 | D:1      | Reached skill level 2 in Fighting
   124 | D:1      | Reached XP level 2. HP: 7/25 MP: 5/5
   176 | D:1      | HP: 1/25 [kobold/dagger (3)]
   423 | D:2      | Reached skill level 3 in Fighting
   657 | D:3      | Reached skill level 1 in Dodging
   691 | D:2      | Reached XP level 3. HP: 17/31 MP: 6/6
   932 | D:2      | HP: 3/31 [goblin/stone (1)]
   962 | D:2      | Reached skill level 2 in Dodging
   974 | D:2      | HP: 2/31 [gnoll/club (3)]
   976 | D:2      | Slain by a gnoll

Skill      XL: |  1  2  3 |
---------------+----------+-----
Fighting       | 2 3 |  3.0
Dodging        | 1 2 |  2.2
Armour         | |  2.6
Stealth        | |  1.0
Shields        | |  1.0
Spellcasting   | |  1.0
Poison Magic   | |  1.7

Action                   || total
-------------------------++-------
Melee: Dagger            ||   309
  Use: Scroll            ||     1
       Potion            ||     1
 Stab: Sleeping          ||     1
  Eat: Chunk             ||     1
Armor: Ring mail         ||   108
Dodge: Dodged            ||   106
Block: Shield            ||   117

Table legend:
 A = Turns spent in this place as a percentage of turns spent in the entire game.
 B = Non-inter-level travel turns spent in this place as a percentage of non-inter-level travel turns spent in the entire game.
 C = Inter-level travel turns spent in this place as a percentage of turns spent in this place.
 D = Turns resting spent in this place as a percentage of non-inter-level travel turns spent in this place.
 E = Turns spent auto-exploring this place as a percentage of non-inter-level travel turns spent in this place.
 F = Non-inter-level travel turns spent in this place divided by the number of levels of this place that you've seen.
                   A       B       C       D       E      F
               +-------+-------+-------+-------+-------+----------------------
         Total | 100.0 | 100.0 |   0.0 |   0.0 |   0.0 | 322.3
       Dungeon | 100.0 | 100.0 |   0.0 |   0.0 |   0.0 | 322.3
               +-------+-------+-------+-------+-------+----------------------

Table legend:
 A = Kills in this place as a percentage of kills in entire the game.
 B = Kills by you in this place as a percentage of kills by you in the entire game.
 C = Kills by friends in this place as a percentage of kills by friends in the entire game.
 D = Other kills in this place as a percentage of other kills in the entire game.
 E = Experience gained in this place as a percentage of experience gained in the entire game.
 F = Experience gained in this place divided by the number of levels of this place that you have seen.
                   A       B       C       D       E      F
               +-------+-------+-------+-------+-------+----------------------
         Total | 100.0 | 100.0 |  -nan |  -nan | 100.0 |  32.0
       Dungeon | 100.0 | 100.0 |  -nan |  -nan | 100.0 |  32.0
               +-------+-------+-------+-------+-------+----------------------

Vault maps used:
D:1:      mrwooster_arrival_statue_3, minmay_pentomino_w4
D:3:      minitemple, first_bread
